 Dungeon Crawl Stone Soup version 0.16-a0-1157-gec61f8e (webtiles) character file.

3166 Qrupt the Spear-Bearer (level 9, 0/76 HPs)
             Began as a Demonspawn Gladiator on Oct 8, 2014.
             Slain by an orc
             ... wielding a +0 club
              (2 damage)
             ... on level 7 of the Dungeon.
             The game lasted 00:25:10 (10388 turns).

Qrupt the Spear-Bearer (Demonspawn Gladiator)      Turns: 10388, Time: 00:25:12

Health: 0/76       AC:  9    Str: 17 (18) XL:     9   Next: 63%
Magic:  9/9        EV: 12    Int:  7      God:
Gold:   370        SH:  5    Dex: 16      Spells: 0 memorised, 8 levels left

rFire  . . .     SeeInvis .     a - +1 trident
rCold  + + .     Clarity  .     G - +1 leather armour of Fedhas' Pride {Str+1 Int-2}
rNeg   . . .     SustAb   +     w - +0 buckler
rPois  +         Gourm    +     (helmet restricted)
rElec  +         Spirit   .     H - +0 cloak
rCorr  +         Warding  .     y - +1 pair of gloves
rMut   .         Stasis   .     (no boots)
MR     .....                    C - amulet of the gourmand
Stlth  ++........               F - ring of ice
                                r - ring of sustain abilities

@: resistant, not resistant to hostile enchantments, unstealthy
A: antennae 2, rugged brown scales 1, nightstalker 1
a: no special abilities


You were on level 7 of the Dungeon.
You were not hungry.

You visited 1 branch of the dungeon, and saw 8 of its levels.

You collected 370 gold pieces.

Inventory:

Hand weapons
 a - a +1 trident (weapon)
Armour
 b - a +0 leather armour
 s - a cursed +0 leather armour of poison resistance
 w - a +0 buckler (worn)
 y - a +1 pair of gloves (worn)
 G - the +1 leather armour of Fedhas' Pride (worn) {Str+1 Int-2}
   (You found it on level 6 of the Dungeon)

   It affects your strength (+1).
   It affects your intelligence (-2).
 H - a +0 cloak (worn)
Magical devices
 h - a wand of slowing (11)
 D - a wand of confusion (18)
 J - a wand of slowing (21)
 K - a wand of confusion (11)
 L - a wand of frost (0)
Comestibles
 f - 4 bread rations
 v - 2 meat rations
 I - a beef jerky
Scrolls
 e - 2 scrolls of magic mapping
 j - 3 scrolls of fog
 l - 4 scrolls of amnesia
 m - 8 scrolls of identify
 n - 2 scrolls of recharging
 t - 2 scrolls of enchant weapon
Jewellery
 c - a +4 ring of protection {unknown}
 g - a cursed amulet of regeneration
 k - an uncursed amulet of faith
 o - an uncursed amulet of stasis
 p - an uncursed amulet of rage
 r - a ring of sustain abilities (left hand)
 C - an amulet of the gourmand (around neck)
 E - an uncursed amulet of inaccuracy
 F - a ring of ice (right hand)
Potions
 u - a potion of resistance
 B - a potion of brilliance {unknown}
Books
 d - a book of Hinderance

   Spells                             Type                      Level
   Confusing Touch                    Hexes                        2
   Confuse                            Hexes                        3
   Petrify                            Transmutation/Earth          4
   Leda's Liquefaction                Hexes/Earth                  4
   Metabolic Englaciation             Hexes/Ice                    5
   Summon Mana Viper                  Hexes/Summoning              5


   Skills:
 + Level 8.0 Fighting
 - Level 8.1 Polearms
 - Level 1.7 Throwing
 - Level 4.4 Armour
 - Level 2.6 Dodging
 - Level 4.7 Shields


You had 8 spell levels left.
You didn't know any spells.

Dungeon Overview and Level Annotations

Branches:
Dungeon (8/15)             Temple (0/1) D:5
   Lair: D:8-11

Altars:
Dithmenos
Gozag
Makhleb
Okawaru
Qazlal


Innate Abilities, Weirdness & Mutations

You have a pair of antennae on your head.
You are partially covered in rugged brown scales (AC +1, +3% HP).
You are slightly more attuned to the shadows.


Message History

You hit the orc priest.
The orc priest is lightly wounded.
You block the orc warrior's attack. The orc priest hits you with a flail.
* * * LOW HITPOINT WARNING * * *
The orc completely misses you.
The orc priest hits you but does no damage.
You hit the orc priest but do no damage.
The orc priest is lightly wounded.
The orc warrior barely misses you. The orc priest barely misses you.
You completely miss the orc priest.
The orc priest is lightly wounded.
The orc barely misses you. The orc priest barely misses you.
You hit the orc priest.
The orc priest is moderately wounded.
The orc priest hits you with a flail.
* * * LOW HITPOINT WARNING * * *
The orc warrior hits you with a battleaxe.
* * * LOW HITPOINT WARNING * * *
The orc hits you with a club.
You die...

###...............##..###..#
...####.#######...#..## ##.###
...# #.#### #...#.### #...#
...####....## ##......## ###.## #
.........#..# ##.......## #..###
...#####..#.# #.........# ##..#.
....## ##...###.........# ##.#.
.....######.(##..o......# ###..[.
####.<.####..[..@o......###....##
## ###.......#..oo...(...........
.##########....#.................
......# #...............#.###..
#####.## ##.#...........#.#.####.
## #.J# #..##..........#....# #.
.# ##.###.###..........###..###.
.### #..#..###.................#.
...# ##...............<.......(..


You could see an orc warrior, 2 orc priests and an orc.

Vanquished Creatures
  Grinder (D:4)
  A hippogriff (D:7)
  Edmund (D:7)
  Menkaure (D:5)
  A necrophage (D:7)
  A sky beast (D:7)
  3 orc warriors
  2 ice beasts
  2 ogres
  4 centaurs
  Sigmund (D:2)
  3 giant frogs (D:6)
  2 scorpions
  2 jellies (D:7)
  2 crimson imps
  2 orc priests (D:6)
  7 hounds
  3 iguanas (D:7)
  8 orc wizards
  5 worker ants
  A mummy (D:7)
  14 adders
  A giant mite (D:3)
  2 worms
  An iguana skeleton (D:6)
  An adder skeleton (D:5)
  2 oozes
  27 orcs
  2 ball pythons (D:3)
  9 bats
  6 giant cockroaches
  16 goblins
  11 hobgoblins
  7 quokkas
  2 giant geckos
  8 giant newts
  14 kobolds
  A kobold skeleton (D:6)
  2 orc skeletons
  An orc zombie (D:6)
  2 quokka zombies (D:7)
  10 rats
192 creatures vanquished.

Vanquished Creatures (others)
  An orc wizard (D:8)
1 creature vanquished.

Grand Total: 193 creatures vanquished

Notes
Turn   | Place    | Note
--------------------------------------------------------------
     0 | D:1      | Qrupt, the Demonspawn Gladiator, began the quest for the Orb.
     0 | D:1      | Reached XP level 1. HP: 16/16 MP: 1/1
   130 | D:1      | Reached skill level 3 in Polearms
   156 | D:1      | Gained mutation: You are partially covered in rugged brown scales (AC +1, +3% HP). [demonic ancestry]
   156 | D:1      | Reached XP level 2. HP: 8/22 MP: 2/2
   951 | D:2      | Gained mutation: You have a pair of small antennae on your head. [demonic ancestry]
   951 | D:2      | Reached XP level 3. HP: 27/27 MP: 3/3
  1007 | D:2      | Reached skill level 4 in Polearms
  1475 | D:2      | Reached XP level 4. HP: 17/33 MP: 4/4
  1846 | D:2      | Noticed Sigmund
  1893 | D:2      | Killed Sigmund
  1893 | D:2      | Reached skill level 5 in Polearms
  1893 | D:2      | Gained mutation: You have a pair of antennae on your head. [demonic ancestry]
  1893 | D:2      | Reached XP level 5. HP: 22/39 MP: 5/5
  3061 | D:4      | Reached skill level 1 in Shields
  3211 | D:4      | Gained mutation: You are slightly more attuned to the shadows. [demonic ancestry]
  3211 | D:4      | Reached XP level 6. HP: 15/45 MP: 6/6
  3327 | D:4      | Noticed a phantom
  4045 | D:4      | Noticed Grinder
  4052 | D:4      | Paralysed by Grinder for 2 turns
  4068 | D:4      | Killed Grinder
  4068 | D:4      | Reached XP level 7. HP: 17/51 MP: 7/7
  4264 | D:4      | Found an iron altar of Okawaru.
  4428 | D:5      | Entered Level 5 of the Dungeon
  4436 | D:5      | Found a staircase to the Ecumenical Temple.
  4634 | D:5      | Reached skill level 1 in Armour
  4764 | D:5      | Found a stormy altar of Qazlal.
  4811 | D:5      | Noticed Menkaure
  4922 | D:5      | Killed Menkaure
  5567 | D:5      | Found a burning altar of Makhleb.
  6122 | D:6      | Reached XP level 8. HP: 40/57 MP: 8/8
  6322 | D:6      | Reached skill level 6 in Polearms
  6705 | D:6      | Got an ichor-stained leather armour
  6716 | D:6      | Identified the +1 leather armour of Fedhas' Pride {Str+1 Int-2} (You found it on level 6 of the Dungeon)
  6929 | D:6      | Reached skill level 7 in Polearms
  7265 | D:6      | Reached skill level 8 in Polearms
  7528 | D:7      | Found a shadowy altar of Dithmenos.
  7592 | D:7      | Found an opulent altar of Gozag.
  8297 | D:7      | Reached XP level 9. HP: 65/67 MP: 9/9
  8299 | D:7      | Noticed Edmund
  8331 | D:7      | Killed Edmund
  8331 | D:7      | Reached skill level 5 in Fighting
  9111 | D:7      | Got a transparent cutlass
  9112 | D:7      | Identified the cursed -1 cutlass "Gril" {drain, Str+2} (You found it on level 7 of the Dungeon)
  9372 | D:8      | Noticed a hill giant
 10388 | D:7      | HP: 2/76 [orc warrior/battleaxe (5)]
 10388 | D:7      | Slain by an orc

Action                   |  1- 3 |  4- 6 |  7- 9 || total
-------------------------+-------+-------+-------++-------
Melee: Trident           |   122 |   204 |   637 ||   963
Throw: Throwing net      |       |     4 |     2 ||     6
Evoke: Wand              |       |       |    12 ||    12
  Use: Scroll            |       |     5 |    10 ||    15
       Potion            |       |     2 |     8 ||    10
 Stab: Sleeping          |     1 |       |     6 ||     7
       Held in net/web   |       |     1 |     1 ||     2
       Distracted        |       |     1 |     4 ||     5
       Confused          |       |       |     1 ||     1
  Eat: Chunk             |     1 |     5 |    19 ||    25
       Bread ration      |       |     1 |       ||     1
       Beef jerky        |       |     1 |       ||     1
       Meat ration       |       |       |     1 ||     1
